 Dungeon Crawl Stone Soup version 0.20-a0-862-gf9b334b (webtiles) character file.

12224 Foodle the Severer (level 11, -2/102 HPs)
             Began as a Hill Orc Berserker on Mar 12, 2017.
             Was an Elder of Trog.
             Slain by a troll (4 damage)
             ... on level 2 of the Orcish Mines.
             The game lasted 00:48:50 (6582 turns).

Foodle the Severer (Hill Orc Berserker)             Turns: 6582, Time: 00:48:51

Health: -2/102     AC: 21    Str: 21    XL:     11   Next: 90%
Magic:  11/11      EV: 14    Int:  7    God:    Trog [****..]
Gold:   1001       SH:  0    Dex: 13    Spells: 10/10 levels left

rFire    . . .     SeeInvis .   A - +4 war axe
rCold    . . .     Gourm    .   e - +4 scale mail
rNeg     . . .     Faith    .   (no shield)
rPois    .         Spirit   .   r - +2 helmet
rElec    .         Reflect  .   (no cloak)
rCorr    .         Harm     .   (no gloves)
MR       .....                  (no boots)
Stlth    ..........             (no amulet)
Regen    0.3/turn               m - +6 ring of protection
MPRegen  0.2/turn               l - +1 ring of evasion

@: exhausted, slowed, very slow
A: no striking features
a: Berserk, Trog's Hand, Brothers in Arms, Burn Spellbooks, Renounce Religion,
Convert to Beogh


You were on level 2 of the Orcish Mines.
You worshipped Trog.
Trog was greatly pleased with you.
You were not hungry.

You visited 2 branches of the dungeon, and saw 10 of its levels.

You collected 1051 gold pieces.
You spent 50 gold pieces at shops.

Inventory:

Hand Weapons
 i - a +6 glaive
 A - a +4 war axe (weapon)
 G - a +2 arbalest of flaming
Armour
 b - a +0 animal skin
 e - a +4 scale mail (worn)
 j - a +0 plate armour
 n - a +0 ring mail
 r - a +2 helmet (worn)
 E - a +2 hat
Jewellery
 l - a +1 ring of evasion (left hand)
 m - a +6 ring of protection (right hand)
Wands
 y - a wand of flame (11/48)
Scrolls
 k - 3 scrolls of recharging
 p - 2 scrolls of fear {unknown}
 t - a scroll of fog
 z - a scroll of remove curse
 D - a scroll of magic mapping
Potions
 a - a potion of degeneration {unknown}
 d - 3 potions of haste
 f - a potion of resistance {unknown}
 g - 3 potions of curing
 h - 2 potions of cancellation {unknown}
 s - 2 potions of invisibility {unknown}
 u - 2 potions of agility
 B - a potion of lignification {unknown}
 C - a potion of mutation {unknown}
 F - a potion of brilliance {unknown}
Comestibles
 c - 5 bread rations
 o - 2 fruits
 q - 2 meat rations
 v - 10 royal jellies


   Skills:
 + Level 11.0 Fighting
 + Level 16.5 Axes
 + Level 7.9 Armour
 + Level 5.7 Dodging
 - Level 1.1 Stealth


You had 10 spell levels left.
You didn't know any spells.

Dungeon Overview and Level Annotations

Branches:
Dungeon (9/15)             Temple (0/1) D:7             Orc (2/2) D:9
    Elf (0/3) Orc:2
   Lair: D:8-11

Altars:
Dithmenos
Elyvilon
Ru
Xom
Beogh

Shops:
Orc:2 %

Portals:
Labyrinth: Orc:2
Ossuary: D:7


Message History

The orc priest calls down the wrath of Beogh upon you.
Beogh smites you!
* * * LOW HITPOINT WARNING * * *
The orc wizard hits you but does no damage.
You feel better.
The orc wizard no longer looks unusually strong.
The orc hits you but does no damage.
The orc warrior hits you but does no damage. x2
The orc wizard hits you but does no damage.
The orc knight closely misses you. The orc priest barely misses you.
The orc wizard hits you but does no damage.
The orc hits you from afar with a trident.
* * * LOW HITPOINT WARNING * * *
The orc warrior hits you from afar with a halberd!
* * * LOW HITPOINT WARNING * * *
The orc warrior closely misses you.
You hear the frantic ticking of a very distant clock.
The orc warrior no longer looks unusually strong.
The troll bites you.
You die...

##........$........
#.......$..........
#................. #.
#................ ...
##..............#
#..###........o.......
#............To)......
##...........@ooo.....
##............##o.....#
#.........##### ......#
.#.....## .......
###......# .......
###.......## ######.
##........##
.........## .....#.###


You could see an orc knight, a troll, 2 orc warriors, an orc priest, an orc
wizard and an orc.

Vanquished Creatures
  Gastronok (D:8)
  4 two-headed ogres
  An ogre mage (Orc:1)
  An orc high priest (Orc:2)
  An orc sorcerer (Orc:1)
  A cyclops (Orc:2)
  An orc knight (Orc:2)
  Joseph (D:9)
  A hippogriff (D:9)
  A hornet (D:8)
  Eustachio (D:5)
  A wyvern (D:9)
  A warg (Orc:2)
  A soldier ant (D:8)
  A water moccasin (D:9)
  15 orc warriors
  4 ice beasts
  A phantom (D:8)
  2 black bears
  7 ogres
  A centaur (D:7)
  A big kobold (D:9)
  2 bullfrogs
  A scorpion (D:7)
  2 howler monkeys (D:7)
  A crimson imp (D:5)
  A quasit (D:8)
  5 hounds
  9 orc priests
  2 bullfrog skeletons
  7 orc wizards
  5 worker ants
  3 killer bee zombies
  A hound skeleton (D:8)
  A mummy (D:7)
  Robin (D:3)
  3 gnolls (D:7)
  8 adders
  A shadow imp (D:8)
  An adder skeleton (D:9)
  6 worms
  2 dart slugs
  3 leopard geckos
  40 orcs
  3 ball pythons
  5 bats
  6 giant cockroaches
  5 hobgoblins
  15 jackals
  4 kobolds
  2 quokkas
  4 frilled lizards
  17 goblins
  A hobgoblin zombie (D:7)
  A kobold zombie (D:7)
  11 rats
228 creatures vanquished.

Vanquished Creatures (collateral kills)
  5 orc warriors (D:9)
  An orc priest (D:9)
  6 orcs (D:9)
12 creatures vanquished.

Vanquished Creatures (others)
  A killer bee (D:9)
  2 adders (D:9)
  An orc (D:9)
4 creatures vanquished.

Grand Total: 244 creatures vanquished

Notes
Turn   | Place    | Note
-------+----------+-------------------------------------------
     0 | D:1      | Foodle the Hill Orc Berserker began the quest for the Orb.
     0 | D:1      | Reached XP level 1. HP: 19/19 MP: 1/1
   142 | D:1      | Reached XP level 2. HP: 21/27 MP: 2/2
   626 | D:2      | Reached XP level 3. HP: 33/33 MP: 3/3
   681 | D:2      | Reached ** piety under Trog
   994 | D:2      | Reached skill level 5 in Axes
  1425 | D:3      | Reached XP level 4. HP: 40/40 MP: 4/4
  1483 | D:3      | Reached XP level 5. HP: 39/47 MP: 5/5
  1531 | D:3      | Reached skill level 6 in Axes
  1549 | D:3      | Noticed Robin
  1552 | D:3      | Reached *** piety under Trog
  1557 | D:3      | Killed Robin
  1993 | D:4      | Reached XP level 6. HP: 55/55 MP: 6/6
  2027 | D:4      | Reached skill level 5 in Fighting
  2195 | D:4      | Reached skill level 7 in Axes
  2542 | D:4      | Reached **** piety under Trog
  2548 | D:4      | Found a sacrificial altar of Ru.
  2752 | D:5      | Entered Level 5 of the Dungeon
  2752 | D:5      | Found a shadowy altar of Dithmenos.
  2857 | D:5      | Noticed Eustachio
  2863 | D:5      | Reached XP level 7. HP: 61/61 MP: 7/7
  2886 | D:5      | Killed Eustachio
  2886 | D:5      | Reached skill level 8 in Axes
  3146 | D:5      | Found a white marble altar of Elyvilon.
  3384 | D:5      | You fall through a shaft for 3 floors!
  3397 | D:8      | Reached XP level 8. HP: 70/70 MP: 8/8
  3398 | D:8      | Reached skill level 9 in Axes
  3990 | D:7      | Reached skill level 10 in Axes
  4006 | D:7      | Found a staircase to the Ecumenical Temple.
  4157 | D:7      | Found a sand-covered staircase.
  4238 | D:7      | Reached skill level 1 in Stealth
  4264 | D:8      | Reached XP level 9. HP: 76/78 MP: 9/9
  4448 | D:8      | Reached skill level 11 in Axes
  4448 | D:8      | Reached skill level 5 in Armour
  4508 | D:8      | Noticed Gastronok
  4528 | D:8      | Killed Gastronok
  4528 | D:8      | Reached skill level 12 in Axes
  4528 | D:8      | Reached XP level 10. HP: 63/88 MP: 10/10
  4597 | D:8      | Reached skill level 13 in Axes
  4597 | D:8      | Reached skill level 5 in Dodging
  4943 | D:9      | Noticed a two-headed ogre
  4951 | D:9      | Killed a two-headed ogre
  4951 | D:9      | Reached ***** piety under Trog
  5016 | D:9      | Reached skill level 14 in Axes
  5052 | D:9      | Found a shimmering altar of Xom.
  5061 | D:9      | Noticed Joseph
  5072 | D:9      | Killed Joseph
  5292 | D:9      | Received a gift from Trog
  5328 | D:9      | Found a roughly hewn altar of Beogh.
  5328 | D:9      | Found a staircase to the Orcish Mines.
  5589 | D:9      | Reached skill level 15 in Axes
  5589 | D:9      | Reached XP level 11. HP: 90/97 MP: 11/11
  5736 | Orc:1    | Entered Level 1 of the Orcish Mines
  5741 | Orc:1    | Noticed an orc sorcerer
  5748 | Orc:1    | Killed an orc sorcerer
  5779 | Orc:1    | Noticed an ogre mage
  5779 | Orc:1    | Noticed a two-headed ogre
  5779 | Orc:1    | Noticed a two-headed ogre
  5791 | Orc:1    | Killed a two-headed ogre
  5791 | Orc:1    | Reached skill level 10 in Fighting
  5797 | Orc:1    | Killed a two-headed ogre
  5800 | Orc:1    | Killed an ogre mage
  6119 | Orc:2    | Entered Level 2 of the Orcish Mines
  6186 | Orc:2    | Found a staircase to the Elven Halls.
  6239 | Orc:2    | Noticed an orc high priest
  6244 | Orc:2    | Reached skill level 16 in Axes
  6260 | Orc:2    | Killed an orc high priest
  6283 | Orc:2    | Noticed a cyclops
  6302 | Orc:2    | Killed a cyclops
  6312 | Orc:2    | Found a labyrinth entrance.
  6332 | Orc:2    | Found Quorchana's Food Emporium.
  6341 | Orc:2    | Bought 2 fruits for 30 gold pieces
  6341 | Orc:2    | Bought a royal jelly for 20 gold pieces
  6463 | Orc:2    | Noticed a two-headed ogre
  6482 | Orc:2    | Killed a two-headed ogre
  6546 | Orc:2    | Noticed an orc knight
  6554 | Orc:2    | Noticed an orc knight
  6564 | Orc:2    | Killed an orc knight
  6581 | Orc:2    | HP: 1/102 [orc warrior/halberd[an orc knight] (11)]
  6582 | Orc:2    | Slain by a troll

Vault maps used:
D:1:      mushboom_english_gardens
D:2:      minivault_14
D:3:      uniq_robin
D:4:      nicolae_ru_the_path_less_chosen, first_bread
D:5:      lemuel_round_altar, elyvilon_altar_1, uniq_eustachio
D:7:      minmay_temple_entry_purple_smoke, nicolae_ossuary_entry_giza,
          glass_columns_a
D:8:      hangedman_pestilent_swarm, uniq_gastronok
D:9:      david_orc_5, grunt_ministairs_13, xom_confusion_cloud, uniq_joseph
Orc:1:    serial_shops, shop, shop, basic_altar, mines2_lemuel
Orc:2:    grunt_orc_tribal_feast, serial_shops, nicolae_shop_waterfront,
          lab_entry_generic

Skill      XL: |  1  2  3  4  5  6  7  8  9 10 11 |
---------------+----------------------------------+-----
Fighting       | 4 5 6 8 9 11 | 11.0
Axes           | 5 6 7 8 10 12 15 16 | 16.5
Armour         | 3 4 6 7 |  7.9
Dodging        | 2 3 4 5 |  5.7
Stealth        | 1 |  1.1

Action                   |  1- 3 |  4- 6 |  7- 9 | 10-12 || total
-------------------------+-------+-------+-------+-------++-------
Melee: Hand axe          |   132 |   165 |   163 |       ||   460
       War axe           |       |       |    81 |   236 ||   317
Invok: Berserk           |     3 |     1 |     5 |     8 ||    17
       Trog's Hand       |       |       |     1 |     1 ||     2
       Brothers in Arms  |       |       |       |     1 ||     1
  Use: Scroll            |     6 |     6 |     4 |     2 ||    18
       Potion            |       |       |       |     2 ||     2
  Eat: Chunk             |     2 |     3 |       |     1 ||     6
       Bread ration      |     1 |       |       |       ||     1
       Fruit             |       |     2 |       |     6 ||     8
       Meat ration       |       |     1 |     1 |     1 ||     3
       Royal jelly       |       |       |       |     1 ||     1
Armor: Scale mail        |    55 |    84 |   109 |    91 ||   339
       Animal skin       |     4 |       |       |       ||     4
Dodge: Dodged            |    69 |    84 |   133 |   149 ||   435
